 Dungeon Crawl Stone Soup version 0.31-a0-233-g139696dc86 (webtiles) character file.

Game seed: 4254223285302156141

18 qw the Shooter (level 2, 0/16 HPs)
             Began as a Gargoyle Hexslinger on July 9, 2023.
             Slain by a frilled lizard (2 damage)
             ... on level 1 of the Dungeon.
             The game lasted 00:00:10 (306 turns).

qw the Shooter (Gargoyle Hexslinger)                 Turns: 306, Time: 00:00:10

Health: 0/16       AC:  4    Str: 11    XL:     2   Next: 66%
Magic:  3/3        EV: 12    Int: 13    God:
Gold:   17         SH:  0    Dex: 12    Spells: 2/3 levels left

rFire   . . .        g - +0 longbow
rCold   . . .        (shield currently unavailable)
rNeg    + . .        c - +0 robe
rPois   inf          (no helmet)
rElec   +            (no cloak)
rCorr   .            (no gloves)
SInv    .            (no boots)
Will    .....        (no amulet)
Stlth   +            (no ring)
HPRegen 0.22/turn    (no ring)
MPRegen 0.08/turn

%: no passive effects
@: no status effects
A: sickness immunity, AC +2, negative energy resistance 1, electricity
resistance, torment resistance 1, petrification resistance
a: no special abilities


You were on level 1 of the Dungeon.
You visited 1 branch of the dungeon, and saw 1 of its levels.

You collected 17 gold pieces.


Innate Abilities, Weirdness & Mutations

You are immune to sickness and miasma.
Your stone body is resilient. (AC +2)
You are immune to poison.
You resist negative energy. (rN+)
You are resistant to electric shocks. (rElec)
You are resistant to unholy torment.
You are immune to petrification.


   Skills:
 + Level 1.5 Fighting
 - Level 3.0 Ranged Weapons
 - Level 1.5 Dodging
 - Level 1.0 Spellcasting
 - Level 2.6 Hexes


You had 2 spell levels left.
You knew the following spells:

 Your Spells              Type           Power      Damage    Failure   Level
a - Slow                  Hex            28%        N/A       10%         1

Your spell library contained the following spells:

 Spells                   Type           Power      Damage    Failure   Level
 Inner Flame              Hex/Fire       4%         N/A       43%         3
 Portal Projectile        Hex/Tloc       8%         N/A       43%         3
 Cause Fear               Hex            3%         N/A       67%         4

Inventory:

Hand Weapons
 g - a +0 longbow (weapon)
Armour
 c - a +0 robe (worn)
Jewellery
 e - a +6 ring of dexterity
Scrolls
 b - a scroll of poison
 d - 3 scrolls of revelation {unknown}
 f - a scroll of identify {unknown}
 h - a scroll of teleportation {unknown}
Potions
 a - a potion of enlightenment {unknown}

Dungeon Overview and Level Annotations

Branches:
Dungeon (1/15)

Altars:


Message History

The frilled lizard bites you but does no damage. x2
The frilled lizard bites you.
The frilled lizard closely misses you. x2
You shoot an arrow. The arrow misses the frilled lizard.
The frilled lizard barely misses you. The frilled lizard bites you.
The frilled lizard closely misses you. The frilled lizard bites you.
The frilled lizard completely misses you.
The frilled lizard barely misses you. x3
You shoot an arrow.
The arrow closely misses the frilled lizard.
The frilled lizard closely misses you.
The frilled lizard bites you but does no damage.
The frilled lizard completely misses you.
The frilled lizard closely misses you.
You shoot an arrow.
The arrow barely misses the frilled lizard.
The frilled lizard closely misses you. The frilled lizard bites you. x2
The frilled lizard bites you but does no damage.
The frilled lizard barely misses you. The frilled lizard closely misses you.
The frilled lizard bites you but does no damage.
The frilled lizard misses you.
You shoot an arrow.
The arrow closely misses the frilled lizard.
The frilled lizard closely misses you. x2
The frilled lizard bites you but does no damage.
The frilled lizard barely misses you.
You shoot an arrow. The arrow hits the frilled lizard.
You kill the frilled lizard!
The frilled lizard bites you but does no damage.
The frilled lizard barely misses you. The frilled lizard bites you.
The frilled lizard bites you but does no damage.
The frilled lizard barely misses you.
The frilled lizard bites you but does no damage.
You shoot an arrow. The arrow misses the frilled lizard.
The frilled lizard misses you.
The frilled lizard closely misses you. x2
You shoot an arrow. The arrow misses the frilled lizard.
The frilled lizard barely misses you.
The frilled lizard bites you but does no damage.
The frilled lizard completely misses you.
The frilled lizard barely misses you. The frilled lizard bites you.
You die...

###..~~~~ #...~~~~~
###.#.~~~~~
......~~~~ ###.......
#.......# ##
#..l%$..# ....
#...@l..# ....##
##....l..#
###....####........#
......##..........#
.................#
####.#.........>...#
#.................##
##...............#.#
....................#


You could see 3 frilled lizards.

Vanquished Creatures
  A dart slug (D:1)
  2 ball pythons (D:1)
  An endoplasm (D:1)
  A giant cockroach (D:1)
  2 goblins (D:1)
  3 jackals (D:1)
  A kobold (D:1)
  3 frilled lizards (D:1)
14 creatures vanquished.

Notes
Turn   | Place    | Note
-------+----------+-------------------------------------------
     0 | D:1      | qw the Gargoyle Hexslinger began the quest for the Orb.
     0 | D:1      | Reached XP level 1. HP: 12/12 MP: 2/2
     0 | D:1      | 0 ||| qw: Version: 0.3-a-51-g015441d
     0 | D:1      | 0 ||| qw: Game counter: 3868
     0 | D:1      | 0 ||| qw: Melee chars always use a shield: true
     0 | D:1      | 0 ||| qw: God list: Okawaru
     0 | D:1      | 0 ||| qw: Allow faded altars: false
     0 | D:1      | 0 ||| qw: Do Orc after clearing Dungeon:15 true
     0 | D:1      | 0 ||| qw: Do second Lair branch before Depths: true
     0 | D:1      | 0 ||| qw: Lair rune preference: random
     0 | D:1      | 0 ||| qw: Goals: Normal
     0 | D:1      | 0 ||| PLANNING D:1-11
   135 | D:1      | Reached XP level 2. HP: 14/16 MP: 3/3
   243 | D:1      | 243 ||| SWAPPING to +0 longbow.
   244 | D:1      | 244 ||| DROPPING +1 sling.
   290 | D:1      | Reached skill level 3 in Ranged Weapons
   302 | D:1      | HP: 3/16 [frilled lizard (3)]
   304 | D:1      | HP: 1/16 [frilled lizard (1)]
   306 | D:1      | Slain by a frilled lizard

Levels and vault maps discovered:
D:1:      amcnicky_arrival_single_pillar, layout_rooms, serial_co_window_serial,
          co_window_of_opportunity_a, co_window_paths_a, co_window_paths_a,
          co_window_corner_a, co_window_paths_a, co_window_2corner,
          co_window_unsneaky_path_b, co_window_cross_2, co_window_paths_d,
          glass_columns_a, minmay_lizard_pond

Skill      XL: |  1  2 |
---------------+-------+-----
Ranged Weapons | 3 |  3.0
Fighting       | |  1.5
Dodging        | |  1.5
Spellcasting   | |  1.0
Hexes          | |  2.6

Action                     || total
---------------------------++-------
   Fire: Sling             ||    24
         Longbow           ||    23
 Armour: Robe              ||    17
  Dodge: Dodged            ||    53

Table legend:
 A = Non-vault XP
 B = Vault XP
 C = Vault XP percentage of total XP
 D = Non-vault monster count
 E = Vault monster count
 F = Vault count percentage of total count
                 A         B        C        D         E       F
            +---------+---------+-------+---------+---------+-------
      Total |      24 |       2 |   7.7 |      12 |       2 |  14.3
            +---------+---------+-------+---------+---------+-------
        D:1 |      24 |       2 |   7.7 |      12 |       2 |  14.3
            +---------+---------+-------+---------+---------+-------
